 Dungeon Crawl Stone Soup version 0.21.0-24-g2553a33 (webtiles) character file.

13887 sankara the Basher (level 11, -15/106 HPs)
             Began as a Minotaur Fighter on Jan 21, 2018.
             Was a High Priest of Makhleb.
             Demolished by a ghost moth simulacrum (38 damage)
             ... on level 1 of the Abyss.
             The game lasted 00:37:39 (10291 turns).

sankara the Basher (Minotaur Fighter)              Turns: 10291, Time: 00:37:40

Health: -15/106    AC: 23    Str: 21    XL:     11   Next: 81%
Magic:  10/10      EV:  8    Int:  5    God:    Makhleb [*****.]
Gold:   640        SH:  9    Dex: 13    Spells: 10/10 levels left

rFire    . . .     SeeInvis .   b - +2 hand axe (vamp)
rCold    . . .     Gourm    .   c - +0 shield
rNeg     . . .     Faith    .   h - +0 plate armour
rPois    .         Spirit   .   q - +0 hat
rElec    .         Reflect  .   K - +2 cloak {MR+}
rCorr    .         Harm     .   (no gloves)
MR       +....                  F - +0 pair of boots
Stlth    ..........             V - amulet of rage
HPRegen  0.27/turn              z - +3 ring of evasion
MPRegen  0.12/turn              C - +1 ring of protection

@: no status effects
A: retaliatory headbutt, horns 2, yellow scales 1, sense surroundings 1,
MP-powered wands
a: Minor Destruction, Lesser Servant of Makhleb, Major Destruction, Greater
Servant of Makhleb, Renounce Religion, Evoke Berserk Rage


You were on level 1 of the Abyss.
You worshipped Makhleb.
Makhleb was extremely pleased with you.
You were not hungry.

You visited 2 branches of the dungeon, and saw 12 of its levels.
You visited the Abyss 1 time.

You collected 640 gold pieces.

Inventory:

Hand Weapons
 a - a +1 morningstar
 b - a +2 vampiric hand axe (weapon)
 l - a +0 flail
 A - a +0 lajatang
 Q - a +4 mace
Missiles
 J - 4 javelins
 M - 27 tomahawks (quivered)
Armour
 c - a +0 shield (worn)
 h - a +0 plate armour (worn)
 q - a +0 hat (worn)
 t - a +0 buckler
 F - a +0 pair of boots (worn)
 K - a +2 cloak of magic resistance (worn)
Magical Staves
 R - an uncursed staff of summoning {unknown}
Jewellery
 x - an uncursed ring of stealth
 z - a +3 ring of evasion (left hand)
 C - a +1 ring of protection (right hand)
 I - an uncursed ring of fire
 L - a +3 ring of intelligence
 V - an amulet of rage (around neck)
Wands
 e - a wand of flame (75)
 g - a wand of iceblast (18)
 o - a wand of digging (30)
 r - a wand of random effects (53)
 u - a wand of paralysis (22)
 y - a wand of enslavement (15)
 E - a wand of polymorph (22)
 O - a wand of acid (8)
 S - a wand of scattershot (3)
Scrolls
 i - 4 scrolls of teleportation
 j - 7 scrolls of identify
 n - a scroll of blinking
 s - a scroll of acquirement {unknown}
 v - 3 scrolls of remove curse
 B - 2 scrolls of fear
 H - a scroll of holy word
Potions
 d - 3 potions of might
 k - a potion of magic {unknown}
 m - a potion of ambrosia
 p - 2 potions of agility
 w - 3 potions of heal wounds
 D - a potion of haste
 G - 3 potions of invisibility
 P - a potion of curing
Miscellaneous
 T - a sack of spiders
Comestibles
 f - 23 rations


   Skills:
 + Level 12.8 Fighting
 - Level 14.1 Maces & Flails
 + Level 12.7 Armour
 - Level 3.6 Shields


You had 10 spell levels left.
You didn't know any spells.

Dungeon Overview and Level Annotations

Branches:
Dungeon (10/15)            Temple (0/1) D:5            Lair (2/6) D:10
    Orc (0/2) D:9
  Swamp: Lair:2-4    Shoals: Lair:2-4     Snake: Lair:2-4    Spider: Lair:2-4

Altars:
Cheibriados
Hepliaklqana
Makhleb
Ru
Trog
Vehumet
Wu Jian
Zin
The Shining One

Portals:
Trove: D:10 (give 6 scrolls of blinking)

Annotations:
Lair:2 Sonja


Innate Abilities, Weirdness & Mutations

You reflexively headbutt those who attack you in melee.
You have a pair of horns on your head.
You are partially covered in yellow scales. (AC +2)
You passively map a small area around you.
You expend magic power (3 MP) to strengthen your wands.


Message History

The ghost moth simulacrum closely misses you.
The ghost moth simulacrum hits you but does no damage.
The ghost moth simulacrum hits you. The ghost moth simulacrum freezes you!!
* * * LOW HITPOINT WARNING * * *
You feel much better. The ghost moth simulacrum hits you.
The ghost moth simulacrum freezes you!
* * * LOW HITPOINT WARNING * * *
The ghost moth simulacrum hits you but does no damage.
You block the ghost moth simulacrum's attack.
You hit the ghost moth simulacrum.
You headbutt the ghost moth simulacrum, but do no damage.
The ghost moth simulacrum is heavily damaged.
You block the ghost moth simulacrum's attack. x2
The ghost moth simulacrum closely misses you.
You hit the ghost moth simulacrum.
The ghost moth simulacrum is heavily damaged.
The ghost moth simulacrum hits you.
* * * LOW HITPOINT WARNING * * *
The ghost moth simulacrum freezes you!!!
You die...

#.#.#..##### .#.#
. .. # .#.....##
.###. ##.
.##.#....#.##.#...
#. . ###.....#.#
.## #. #..#. ...#
... . #.#.#
...###.# ..
......##...#.# . #
. #. . ####.# ##
..# ###...@# . ..
#.#.Z.....# ## #.
##.%#.###... #...
.. ..... ###
#.##.# ## .. ...


You could see a ghost moth simulacrum.

Vanquished Creatures
  The ghost of Pawles22 the Fighter, a journeyman DsFi of Makhleb (D:10)
  Urug (Lair:2)
  The ghost of soepske the Magician, a novice GnVM (D:7)
  Joseph (Lair:1)
  A manticore (D:8)
  A gargoyle (D:10)
  A centaur skeleton (D:10)
  A komodo dragon (D:10)
  A queen bee (D:9)
  A troll (D:9)
  4 blink frogs (Lair:2)
  A hippogriff (Lair:1)
  10 yaks (D:10)
  A shadow (D:8)
  A wyvern (D:10)
  3 basilisks
  3 fire bats (Abyss:1)
  A swamp drake (D:10)
  A black bear (D:9)
  4 ice beasts
  2 porcupines (Lair:1)
  A water moccasin (Lair:1)
  4 orc warriors
  2 sky beasts
  2 phantoms
  4 ogres
  An eye of draining (D:9)
  6 centaurs
  A small abomination (Abyss:1)
  2 crocodiles
  A big kobold (D:8)
  3 bullfrogs
  A gnoll sergeant (D:10)
  A wyvern skeleton (D:9)
  33 killer bees
  4 wights (D:8)
  A centaur zombie (D:8)
  5 crimson imps
  2 quasits
  2 bullfrog zombies
  5 hounds
  4 jellies
  6 orc priests
  Crazy Yiuf (D:7)
  6 bullfrog skeletons
  11 orc wizards
  2 iguanas
  Ijyb (D:3)
  8 worker ants
  Natasha (thrice) (D:2)
  2 hound skeletons
  2 worker ant zombies
  9 gnolls
  A howler monkey skeleton (D:7)
  6 adders
  An ufetubus (Abyss:1)
  An adder skeleton (D:9)
  5 worms
  4 dart slugs
  5 leopard geckos
  34 orcs
  3 ball pythons
  4 giant cockroaches
  7 goblins
  5 hobgoblins
  14 jackals
  10 kobolds
  5 quokkas
  3 bats (D:1)
  5 frilled lizards
  A jackal skeleton (D:4)
  10 rats
301 creatures vanquished.

Notes
Turn   | Place    | Note
-------+----------+-------------------------------------------
     0 | D:1      | sankara the Minotaur Fighter began the quest for the Orb.
     0 | D:1      | Reached XP level 1. HP: 19/19 MP: 0/0
   112 | D:1      | Reached skill level 3 in Maces & Flails
   112 | D:1      | Reached XP level 2. HP: 27/27 MP: 1/1
   386 | D:1      | Reached XP level 3. HP: 28/33 MP: 2/2
   906 | D:2      | Reached skill level 4 in Maces & Flails
   941 | D:2      | Reached XP level 4. HP: 41/41 MP: 3/3
  1011 | D:2      | Found a faded altar of an unknown god.
  1011 | D:2      | Found a faded altar of an unknown god.
  1017 | D:2      | Found a glowing silver altar of Zin.
  1019 | D:2      | Found a burning altar of Makhleb.
  1020 | D:2      | Found a bloodstained altar of Trog.
  1035 | D:2      | Became a worshipper of Makhleb the Destroyer
  1116 | D:2      | Noticed Natasha
  1129 | D:2      | Killed Natasha
  1314 | D:2      | Noticed Natasha
  1318 | D:2      | Killed Natasha
  1318 | D:2      | Reached skill level 5 in Maces & Flails
  1318 | D:2      | Reached XP level 5. HP: 47/47 MP: 4/4
  1380 | D:2      | Noticed Natasha
  1392 | D:2      | Killed Natasha
  1682 | D:3      | Found a glowing golden altar of the Shining One.
  1829 | D:3      | Noticed a centaur
  1854 | D:3      | Killed a centaur
  1854 | D:3      | Reached skill level 5 in Fighting
  1854 | D:3      | Reached XP level 6. HP: 49/56 MP: 5/5
  2080 | D:3      | Noticed Ijyb
  2084 | D:3      | Reached * piety under Makhleb
  2093 | D:3      | Killed Ijyb
  2093 | D:3      | Reached skill level 5 in Armour
  2153 | D:4      | Reached skill level 6 in Maces & Flails
  2162 | D:4      | Found a radiant altar of Vehumet.
  2473 | D:4      | Noticed an ice beast
  2494 | D:4      | Killed an ice beast
  2593 | D:4      | Reached XP level 7. HP: 50/62 MP: 6/6
  2743 | D:4      | Reached ** piety under Makhleb
  2772 | D:4      | Reached skill level 7 in Maces & Flails
  3083 | D:5      | Entered Level 5 of the Dungeon
  3083 | D:5      | Found an ornate altar of the Wu Jian Council.
  3233 | D:5      | Found a glowing silver altar of Zin.
  3262 | D:5      | Reached skill level 8 in Maces & Flails
  3374 | D:5      | Found a staircase to the Ecumenical Temple.
  3391 | D:5      | Found a sacrificial altar of Ru.
  3620 | D:5      | Reached XP level 8. HP: 71/71 MP: 7/7
  4125 | D:6      | Reached skill level 9 in Maces & Flails
  4989 | D:7      | Reached skill level 10 in Maces & Flails
  4997 | D:7      | Reached *** piety under Makhleb
  5012 | D:7      | Reached XP level 9. HP: 75/81 MP: 8/8
  5184 | D:7      | Noticed soepske's ghost (novice GnVM)
  5261 | D:7      | Killed soepske's ghost
  5265 | D:7      | Reached skill level 11 in Maces & Flails
  5944 | D:7      | Found a runed door.
  5948 | D:7      | Noticed Crazy Yiuf
  5952 | D:7      | Killed Crazy Yiuf
  6098 | D:8      | Found a snail-covered altar of Cheibriados.
  6210 | D:8      | Found a hazy altar of Hepliaklqana.
  6210 | D:8      | Noticed a manticore
  6215 | D:8      | Found a transporter.
  6734 | D:8      | Reached skill level 12 in Maces & Flails
  6876 | D:8      | Found a transporter.
  6986 | D:8      | Reached **** piety under Makhleb
  6986 | D:8      | Reached XP level 10. HP: 91/91 MP: 9/9
  7144 | D:8      | Gained mutation: You expend magic power (3 MP) to strengthen your wands. [potion of mutation]
  7144 | D:8      | Gained mutation: You are partially covered in yellow scales. (AC +2) [potion of mutation]
  7144 | D:8      | Gained mutation: You passively map a small area around you. [potion of mutation]
  7157 | D:8      | Killed a manticore
  7411 | D:9      | Found a staircase to the Orcish Mines.
  7499 | D:9      | Reached skill level 10 in Fighting
  7651 | D:9      | Reached skill level 13 in Maces & Flails
  7664 | D:9      | Reached skill level 10 in Armour
  8138 | D:9      | Reached ***** piety under Makhleb
  8615 | D:10     | Entered Level 10 of the Dungeon
  8653 | D:10     | Noticed a gargoyle
  8676 | D:10     | Killed a gargoyle
  8691 | D:10     | Reached XP level 11. HP: 73/101 MP: 10/10
  8736 | D:10     | Noticed Pawles22's ghost (journeyman DsFi)
  8762 | D:10     | Killed Pawles22's ghost
  8762 | D:10     | Reached skill level 14 in Maces & Flails
  8877 | D:10     | Found a portal to a secret trove of treasure.
  9276 | D:10     | Found a staircase to the Lair.
  9428 | Lair:1   | Entered Level 1 of the Lair of Beasts
  9552 | Lair:1   | Noticed Joseph
  9575 | Lair:1   | Killed Joseph
 10016 | Lair:2   | Noticed Urug
 10048 | Lair:2   | Killed Urug
 10102 | Lair:2   | Noticed Sonja
 10107 | Lair:2   | Cast into level 1 of the Abyss (Sonja)
 10291 | Abyss:1  | Demolished by a ghost moth simulacrum

Skill      XL: |  1  2  3  4  5  6  7  8  9 10 11 |
---------------+----------------------------------+-----
Maces & Flails | 3 4 5 6 8 10 12 13 14 | 14.1
Fighting       | 4 5 6 8 9 10 12 | 12.8
Armour         | 4 5 6 7 9 10 12 | 12.7
Shields        | |  3.6

Action                   |  1- 3 |  4- 6 |  7- 9 | 10-12 || total
-------------------------+-------+-------+-------+-------++-------
Melee: Flail             |   105 |    10 |       |       ||   115
       Headbutt          |     8 |    37 |   105 |   160 ||   310
       Hand axe          |       |   164 |   481 |   605 ||  1250
Invok: Minor Destruction |       |       |     5 |       ||     5
 Abil: Evoke Berserk Rag |       |       |       |     3 ||     3
  Use: Scroll            |       |     2 |     1 |    15 ||    18
       Potion            |       |     1 |     4 |     4 ||     9
 Stab: Confused          |       |       |     1 |       ||     1
  Eat: Ration            |       |     2 |     1 |       ||     3
       Chunk             |       |     4 |    11 |    14 ||    29
Armor: Plate armour      |    74 |   101 |   237 |   352 ||   764
       Skin              |       |    13 |       |       ||    13
Dodge: Dodged            |    22 |    15 |   121 |   200 ||   358
Block: Shield            |    63 |    89 |   214 |   305 ||   671
